 Dungeon Crawl Stone Soup version 0.30.0-30-g96aa6591b8 (webtiles) character file.

Game seed: 13628797597082331547

26063 adizb the Grappler (level 12, -4/115 HPs)
             Began as a Troll Gladiator on June 28, 2023.
             Was a Believer of Ashenzari.
             Slain by a blink frog (11 damage)
             ... on level 2 of the Lair of Beasts.
             The game lasted 00:52:53 (9196 turns).

adizb the Grappler (Troll Gladiator)                Turns: 9196, Time: 00:52:54

Health: -4/115     AC:  6    Str: 35    XL:     12   Next: 95%
Magic:  9/9        EV: 11    Int:  4    God:    Ashenzari [**....]
Gold:   1105       SH: 15    Dex: 11    Spells: 11/11 levels left

rFire   . .          .
                       - Unarmed
rCold   . . .        J - +3 kite shield
rNeg    . . .        z - +2 robe {Will+}
rPois   .            b - +0 hat "Gnosis of Ashenzari" {Fort, Melee} (curse)
rElec   .            (no cloak)
rCorr   .            (gloves unavailable)
SInv    +            (boots unavailable)
Will    ++...        D - amulet "Prescient Inconvenience" {Acrobat, Range, Evo} (curse)
Stlth   +            w - ring "Perceptive Negligence" {Will+, Evo, Fort} (curse)
HPRegen 1.19/turn    n - +6 ring of strength
MPRegen 0.11/turn

%: acrobat
@: about to teleport, invisible
A: large, unfitting armour, claws 3, regeneration 1, shaggy fur 1, tough skin 1,
low MP 1, sturdy frame 1
a: Renounce Religion, Curse Item, Shatter the Chains


You were on level 2 of the Lair of Beasts.
You worshipped Ashenzari.
Ashenzari was pleased with you.
You visited 2 branches of the dungeon, and saw 12 of its levels.
You also visited: Sewer.

You collected 1798 gold pieces.
You spent 693 gold pieces at shops.

Inventory:

Missiles
 d - a large rock
 m - 4 throwing nets (quivered)
 F - 2 boomerangs
Armour
 b - the cursed +0 hat "Gnosis of Ashenzari" (worn) {Fort, Melee}

   It has a curse which improves the following skills: Fortitude: Armour and
   Shields.
   Melee Combat: Short Blades, Long Blades, Axes, Maces & Flails, Polearms,
   Staves and Unarmed Combat.
 c - a +1 robe of positive energy
 z - a +2 robe of willpower (worn)
 H - +0 steam dragon scales
 J - a +3 kite shield (worn)
Jewellery
 n - a +6 ring of strength (right claw)
 v - an amulet of regeneration
 w - the cursed ring "Perceptive Negligence" (left claw) {Will+, Evo, Fort}
   (You bought it in a shop on level 4 of the Dungeon)

   [ring of willpower]

   Will:      It increases your willpower.
   It has a curse which improves the following skills: Evocations: Evocations.
   Fortitude: Armour and Shields.
 y - an amulet of the acrobat
 D - the cursed amulet "Prescient Inconvenience" (around neck) {Acrobat, Range, Evo}
   (You found it on level 6 of the Dungeon)

   [amulet of the acrobat]

   It increases your evasion while moving and waiting.
   It has a curse which improves the following skills: Ranged Combat: Ranged
   Weapons and Throwing.
   Evocations: Evocations.
 I - a +5 ring of evasion
Wands
 a - a wand of polymorph (4)
 i - a wand of mindburst (2)
 p - a wand of digging (6)
 q - a wand of light (14)
 x - a wand of roots (11)
 E - a wand of flame (20)
Scrolls
 g - 2 scrolls of fog
 j - 3 scrolls of amnesia
 k - 8 scrolls of identify
 l - a scroll of brand weapon
 r - 4 scrolls of teleportation
 t - a scroll of magic mapping
 C - 4 scrolls of poison
Potions
 e - 3 potions of curing
 f - 8 potions of brilliance
 h - 3 potions of attraction
 o - 2 potions of might
 u - 3 potions of haste
 A - 6 potions of flight
 G - 3 potions of magic
 K - a potion of berserk rage


   Skills:
 + Level 6.8 Fighting
 - Level 3.2(4.2) Throwing
 + Level 6.6(8.4) Armour
 + Level 7.1 Dodging
 + Level 11.2(12.9) Shields
 * Level 12.4(13.5) Unarmed Combat


You had 11 spell levels left.
You didn't know any spells.
Your spell library contained the following spells:

 Spells                   Type           Power      Damage    Failure   Level
 Magic Dart               Conj           0%         1d3       61%         1
 Summon Small Mammal      Summ           0%         N/A       61%         1
 Cigotuvi's Dreadful Rot  Necr/Pois/Air  0%         N/A       75%         2
 Lesser Beckoning         Tloc           0%         N/A       75%         2
 Searing Ray              Conj           0%         2d4       75%         2
 Call Canine Familiar     Summ           0%         N/A       93%         3
 Gell's Gravitas          Tloc           0%         N/A       93%         3
 Ignite Poison            Fire/Tmut/Pois 0%         N/A       93%         3
 Summon Guardian Golem    Hex/Summ       0%         N/A       93%         3
 Teleport Other           Tloc           0%         N/A       93%         3
 Fulminant Prism          Conj/Hex       0%         3d5       100%        4
 Fireball                 Conj/Fire      0%         3d3       100%        5
 Freezing Cloud           Conj/Ice/Air   0%         6-21      100%        5
 Iskenderun's Battlesphe  Conj           0%         2d6       100%        5
 Summon Mana Viper        Hex/Summ       0%         N/A       100%        5
 Conjure Ball Lightning   Conj/Air       0%         3x3d6     100%        6
 Summon Cactus Giant      Summ           0%         N/A       100%        6
 Haunt                    Necr/Summ      0%         N/A       100%        7
 Orb of Destruction       Conj           0%         9d5       100%        7


Dungeon Overview and Level Annotations

Branches:
Dungeon (10/15)            Temple (0/1) D:7            Lair (2/5) D:10
 Shoals (0/4) Lair:2          Orc (0/2) D:10          Sewer (visited)
  Snake: Lair:2-3    Spider: Lair:2-3

Altars:
Ashenzari
Cheibriados
Dithmenos
Elyvilon
Fedhas
Gozag
Hepliaklqana
Okawaru
Ru
Sif Muna
Trog
Zin
The Shining One

Shops:
D:4 ?=[   D:5 :   D:8 :


Innate Abilities, Weirdness & Mutations

You are too large for most types of armour.
You have claws for hands.
Your natural rate of healing is unusually fast.
You are covered in fur. (AC +1)
You have tough skin. (AC +1)
Your magical capacity is low. (-10% MP)
Your movements are slightly less encumbered by armour. (ER -2)


Message History

The six-headed hydra grows two more!
You scratch the eight-headed hydra.
The eight-headed hydra is lightly wounded.
The eight-headed hydra bites you. x2; The eight-headed hydra bites you! x2
* * * LOW HITPOINT WARNING * * *
You block the eight-headed hydra's attack.
The eight-headed hydra bites you but does no damage. x2
You block the eight-headed hydra's attack.
You claw one of the eight-headed hydra's heads off!
The seven-headed hydra grows two more!
You claw the nine-headed hydra!
The nine-headed hydra is lightly wounded.
The blink frog blinks!
You rip one of the nine-headed hydra's heads off!
The eight-headed hydra grows two more!
You claw the ten-headed hydra!
The ten-headed hydra is moderately wounded.
The ten-headed hydra bites you but does no damage.
The ten-headed hydra closely misses you.
You block the ten-headed hydra's attack. x2
The ten-headed hydra misses you.
You block the ten-headed hydra's attack.
The ten-headed hydra closely misses you.
You block the ten-headed hydra's attack.
The ten-headed hydra bites you but does no damage. x2
The blink frog hits you!
* * * LOW HITPOINT WARNING * * *
As you read the scroll of teleportation, it crumbles to dust.
You feel strangely unstable. You block the blink frog's attack.
The ten-headed hydra bites you but does no damage.
You block the ten-headed hydra's attack.
The ten-headed hydra barely misses you. The ten-headed hydra bites you.
* * * LOW HITPOINT WARNING * * *
You block the ten-headed hydra's attack. x2
The ten-headed hydra barely misses you. The ten-headed hydra bites you!
* * * LOW HITPOINT WARNING * * *
The ten-headed hydra misses you.
The ten-headed hydra bites you but does no damage.
The blink frog hits you.
* * * LOW HITPOINT WARNING * * *
You fade into invisibility!
You block the blink frog's attack. The blink frog hits you!
You die...

# #.....P..... #
#........... ,, ##
##.........#* * , P#
#..........# * ,* #*
#.........# , ,
#####........#* ,. ,
#..#P........###### ...,
.............#.#.F#.....
,,
...............F@D......
,
###.######..#######.####
### ####


You could see a ten-headed hydra (unable to see you) and 2 blink frogs.

Vanquished Creatures
  Erolcha (D:9)
  A boulder beetle (D:9)
  A centaur warrior (D:8)
  2 two-headed ogres (D:9)
  An ugly thing (D:8)
  3 elephants (Lair:1)
  Maurice (D:9)
  3 black mambas
  An ice statue (D:9)
  Maggie (D:6)
  3 cane toads
  4 komodo dragons
  An unseen horror (D:6)
  2 trolls
  9 blink frogs
  A wraith (D:10)
  Sigmund (D:2)
  7 wyverns
  Eustachio (D:5)
  24 yaks
  A basilisk (Lair:1)
  A warg (D:7)
  6 steam dragons
  2 acid dragons (D:10)
  Edmund (D:4)
  11 water moccasins
  2 ice beasts
  15 orc warriors
  6 black bears
  14 ogres
  7 centaurs
  5 phantoms
  Blork the orc (D:6)
  5 kobold brigands
  6 bullfrogs
  8 gnoll sergeants
  4 scorpions
  A wight (D:9)
  7 killer bees
  9 howler monkeys
  An electric eel (Lair:2)
  9 hounds
  2 gnoll boudas (D:7)
  A jelly (D:6)
  12 orc priests
  A sleepcap (D:7)
  An iguana (D:6)
  Ijyb (D:4)
  Terence (D:2)
  10 orc wizards
  21 gnolls
  5 river rats
  15 adders
  2 shadow imps
  2 white imps
  An ufetubus (D:6)
  3 worms
  4 dart slugs
  55 orcs
  5 endoplasms
  3 giant cockroaches
  3 goblins
  4 hobgoblins
  3 jackals (D:2)
  13 kobolds
  4 quokkas
  10 ball pythons
  4 bats
  9 frilled lizards
  18 rats
403 creatures vanquished.

Vanquished Creatures (others)
  An orc (D:6)
1 creature vanquished.

Grand Total: 404 creatures vanquished

Notes
Turn   | Place    | Note
-------+----------+-------------------------------------------
     0 | D:1      | adizb the Troll Gladiator began the quest for the Orb.
     0 | D:1      | Reached XP level 1. HP: 19/19 MP: 0/0
    99 | D:1      | Reached XP level 2. HP: 28/28 MP: 1/1
   710 | D:2      | Reached XP level 3. HP: 34/35 MP: 2/2
  1016 | D:2      | Reached skill level 1 in Armour
  1086 | D:2      | Reached XP level 4. HP: 40/42 MP: 3/3
  1099 | D:2      | Noticed Terence
  1106 | D:2      | Killed Terence
  1141 | D:2      | Noticed Sigmund
  1156 | D:2      | Killed Sigmund
  1157 | D:2      | Reached skill level 4 in Unarmed Combat
  1157 | D:2      | Reached XP level 5. HP: 28/50 MP: 4/4
  1278 | D:2      | Found a faded altar of an unknown god.
  1286 | D:2      | Prayed at the altar of an unknown god.
  1286 | D:2      | Became a worshipper of Ashenzari the Shackled
  1414 | D:3      | Reached XP level 6. HP: 43/59 MP: 5/5
  1452 | D:3      | Found a glowing drain.
  1460 | Sewer    | Entered a sewer
  1647 | Sewer    | Identified a scroll of acquirement
  1649 | Sewer    | Acquired 1128 gold pieces
  1894 | D:3      | Reached skill level 5 in Unarmed Combat
  2124 | D:3      | Reached * piety under Ashenzari
  2374 | D:3      | Reached XP level 7. HP: 42/66 MP: 6/6
  2705 | D:4      | Found Enalaigi's Jewellery Shop.
  2745 | D:4      | Bought an amulet of regeneration for 330 gold pieces
  2745 | D:4      | Bought a ring of willpower for 275 gold pieces
  2833 | D:4      | Noticed Ijyb
  2843 | D:4      | Killed Ijyb
  2854 | D:4      | Found Xegruab's Magic Scroll Emporium.
  2918 | D:4      | Noticed Edmund
  2927 | D:4      | Killed Edmund
  3062 | D:4      | Found a hazy altar of Hepliaklqana.
  3062 | D:4      | Identified the Guidebook on the Escort
  3141 | D:4      | Found Fiap's Antique Armour Boutique.
  3147 | D:4      | Bought a glowing robe for 88 gold pieces
  3182 | D:5      | Entered Level 5 of the Dungeon
  3204 | D:5      | Found Zegig's Book Shoppe.
  3242 | D:5      | Found a snail-covered altar of Cheibriados.
  3242 | D:5      | Found a shadowy altar of Dithmenos.
  3288 | D:5      | Reached skill level 6 in Unarmed Combat
  3529 | D:5      | Reached XP level 8. HP: 75/75 MP: 7/7
  3561 | D:5      | Found a shimmering blue altar of Sif Muna.
  3639 | D:5      | Noticed Eustachio
  3652 | D:5      | Killed Eustachio
  3825 | D:5      | Reached skill level 7 in Unarmed Combat
  3986 | D:6      | Killed an unseen horror
  4055 | D:6      | Reached ** piety under Ashenzari
  4158 | D:6      | Reached XP level 9. HP: 24/85 MP: 8/8
  4210 | D:6      | Reached skill level 8 in Unarmed Combat
  4315 | D:6      | Noticed Blork the orc
  4322 | D:6      | Killed Blork the orc
  4338 | D:6      | Found a sacrificial altar of Ru.
  4393 | D:6      | Noticed Maggie
  4398 | D:6      | Reached skill level 5 in Dodging
  4460 | D:6      | Killed Maggie
  4798 | D:7      | Reached skill level 5 in Fighting
  4829 | D:7      | Reached skill level 9 in Unarmed Combat
  4890 | D:7      | Reached skill level 5 in Armour
  4962 | D:7      | Noticed a troll
  5037 | D:7      | Reached XP level 10. HP: 40/96 MP: 9/9
  5039 | D:7      | HP: 4/96 [ogre/+0 giant club (13)]
  5101 | D:7      | Found a staircase to the Ecumenical Temple.
  5191 | D:7      | Reached skill level 10 in Unarmed Combat
  5365 | D:7      | Found a glowing golden altar of the Shining One.
  5425 | D:7      | Gained mutation: Your magical capacity is low. (-10% MP)
                  | [potion of mutation]
  5425 | D:7      | Gained mutation: Your movements are slightly less
                  | encumbered by armour. (ER -2) [potion of mutation]
  6110 | D:8      | Reached skill level 11 in Unarmed Combat
  6203 | D:8      | Found Riakhlept's Tiny Tomes.
  6496 | D:8      | Noticed a centaur warrior
  6504 | D:8      | Killed a centaur warrior
  6505 | D:8      | Reached XP level 11. HP: 107/107 MP: 8/8
  6534 | D:8      | Noticed a purple ugly thing
  6546 | D:8      | Killed a purple ugly thing
  6725 | D:9      | Found an iron altar of Okawaru.
  6753 | D:9      | Noticed Erolcha
  6762 | D:9      | Killed Erolcha
  6815 | D:9      | Found an opulent altar of Gozag.
  6963 | D:9      | Reached skill level 1 in Shields
  7004 | D:9      | Noticed a two-headed ogre
  7026 | D:9      | Killed a two-headed ogre
  7061 | D:9      | Noticed Maurice
  7081 | D:9      | Killed Maurice
  7082 | D:9      | Reached skill level 12 in Unarmed Combat
  7112 | D:9      | Found a blossoming altar of Fedhas.
  7217 | D:9      | Found a glowing silver altar of Zin.
  7243 | D:9      | Noticed a two-headed ogre
  7249 | D:9      | Killed a two-headed ogre
  7309 | D:9      | Noticed a boulder beetle
  7325 | D:9      | Killed a boulder beetle
  7355 | D:9      | Reached skill level 5 in Shields
  7552 | D:10     | Entered Level 10 of the Dungeon
  7583 | D:10     | Found a bloodstained altar of Trog.
  7671 | D:10     | Found a staircase to the Lair.
  7702 | D:10     | Reached XP level 12. HP: 111/115 MP: 9/9
  7770 | D:10     | Found a white marble altar of Elyvilon.
  7948 | D:10     | Found a staircase to the Orcish Mines.
  8118 | Lair:1   | Entered Level 1 of the Lair of Beasts
  8632 | Lair:1   | Reached skill level 10 in Shields
  9177 | Lair:2   | Found a staircase to the Shoals.
  9183 | Lair:2   | Noticed a five-headed hydra
  9196 | Lair:2   | Slain by a blink frog

Illustrated notes

Levels and vault maps discovered:
D:1:      minmay_arrival_stair_chambers, layout_basic
D:2:      layout_loops_ring, dreamdust_ecumenical_altar_hidden_monk_grotto,
          uniq_terence, uniq_sigmund
D:3:      minmay_general_purpose_star, layout_basic, lightli_sewer_entry_pipes
D:4:      layout_cave_pools, nicolae_hepliaklqana_hippocampus, serial_shops,
          nicolae_shop_stone, nicolae_shop_tiny_real_fake_doors,
          nicolae_lakefront_shop, uniq_edmund, uniq_ijyb
D:5:      layout_basic, nicolae_overflow_two_pavilions, lemuel_round_altar,
          serial_shops, shop, uniq_eustachio
D:6:      kennysheep_six_static_rooms, layout_loops_ring,
          nicolae_ru_great_annihilating_truth, uniq_maggie, uniq_blork_the_orc
D:7:      lemuel_castle_with_subvaults [lemuel_castle_interior_carwin_3],
          layout_rooms, kennysheep_little_box, minmay_temple_entry_junction_2,
          minmay_bent
D:8:      layout_basic, chequers_serial_rivers_micro_c,
          nicolae_shop_i_like_small_books_too, minmay_three_doors
D:9:      layout_basic, zin_scriptorium, mainiacjoe_overflow_big_doors,
          fedhas_altar_1, moated_statue, nzn_random_ring, uniq_maurice,
          uniq_erolcha
D:10:     layout_rooms, mainiacjoe_overflow_catwalk,
          nicolae_overflow_crystal_walls, due_lair_maze_entry_diamond,
          kennysheep_orc_monster_closet_entryway
Lair:1:   layout_cave_pods, serial_bayou_shore_b, grunt_megastairs_2,
          lemuel_fruit_tree
Lair:2:   nzn_winding_woodlands_stair_trap
          [nzn_winding_woodlands_5x15_lazy_stream,
          nzn_winding_woodlands_5x15_sidewinder,
          nzn_winding_woodlands_5x15_jagged,
          nzn_winding_woodlands_15x15_five_gardens,
          nzn_winding_woodlands_5x15_crooked, nzn_winding_woodlands_5x15_parted,
          nzn_winding_woodlands_5x15_longhouse], layout_chaotic_city,
          shoals_dummy_entry, infiniplex_staircase_pool

Skill      XL: |  1  2  3  4  5  6  7  8  9 10 11 12 |
---------------+-------------------------------------+-----
Throwing       | 2 3 |  3.2
Fighting       | 2 3 4 5 6 |  6.8
Armour         | 1 2 3 4 5 6 |  6.6
Dodging        | 3 4 5 6 7 |  7.1
Unarmed Combat | 4 5 6 7 9 11 12 | 12.4
Shields        | 6 11 | 11.2

Action                     |  1- 3 |  4- 6 |  7- 9 | 10-12 || total
---------------------------+-------+-------+-------+-------++-------
  Melee: Unarmed           |    73 |   170 |   310 |   694 ||  1247
         Punch             |       |     6 |     9 |    18 ||    33
  Throw: Throwing net      |       |     1 |     3 |     2 ||     6
         Large rock        |       |       |       |     1 ||     1
 Invoke: Curse Item        |       |     2 |     1 |     2 ||     5
         Shatter the Chain |       |       |     1 |     1 ||     2
    Use: Scroll            |       |     4 |     3 |     5 ||    12
         Potion            |       |       |       |     5 ||     5
   Stab: Sleeping          |       |     5 |       |       ||     5
         Distracted        |       |       |       |     1 ||     1
         Held in net/web   |       |       |       |     2 ||     2
 Armour: Robe              |    23 |    39 |    55 |   133 ||   250
  Dodge: Dodged            |    42 |    64 |   136 |   294 ||   536
  Block: Kite shield       |       |       |       |   295 ||   295
